 Dungeon Crawl Stone Soup version 0.30-a0-778-g2ef04afb54 (webtiles) character file.

Game seed: 18429093101740695931

9 Esekla the Sneak (level 2, 13/21 HPs)
             Began as an Octopode Delver on Feb 16, 2023.
             Quit the game on level 5 of the Dungeon.
             The game lasted 00:01:51 (72 turns).

Esekla the Sneak (Octopode Delver)                    Turns: 72, Time: 00:01:52

Health: 13/21      AC:  1    Str: 11    XL:     2   Next: 12%
Magic:  2/2        EV: 13    Int: 12    God:
Gold:   0          SH:  0    Dex: 13    Spells: 1/1 levels left

rFire   . . .      SeeInvis .    a - +0 falchion
rCold   . . .      Faith    .    (no shield)
rNeg    . . .      Spirit   .    (helmet restricted)
rPois   .          Reflect  .    (no amulet)
rElec   .          Harm     .    (no ring)
rCorr   .          Rampage  .    (no ring)
Will    .....                    (no ring)
Stlth   ++++                     (no ring)
HPRegen 0.23/turn                (no ring)
MPRegen 0.08/turn                (no ring)
                                 (no ring)
                                 (no ring)

@: no status effects
A: almost no armour, amphibious, 8 rings, camouflage 1, gelatinous body 1,
(nimble swimmer 1), tentacles
a: no special abilities


You were on level 5 of the Dungeon.
You visited 1 branch of the dungeon, and saw 1 of its levels.

Inventory:

Hand Weapons
 a - a +0 falchion (weapon)
Wands
 f - a wand of digging (3)
Scrolls
 b - a scroll of fog
 d - a scroll of enchant weapon {unknown}
 i - a scroll of noise {unknown}
Potions
 c - a potion of resistance {unknown}
 e - a potion of haste
 g - a potion of berserk rage {unknown}
 h - a potion of invisibility {unknown}
 j - a potion of curing {unknown}


   Skills:
 * Level 3.1 Fighting
 * Level 2.1 Long Blades
 * Level 2.1 Dodging
 + Level 6.8 Stealth
 * Level 0.2 Spellcasting


You had one spell level left.
You didn't know any spells.
Your spell library was empty.

Dungeon Overview and Level Annotations

Branches:
Dungeon (5/15)
 Temple: D:4-7

Altars:

Shops:
D:5 *


Innate Abilities, Weirdness & Mutations

You cannot wear most types of armour.
You are amphibious.
You can wear up to eight rings at the same time.
Your skin changes colour to match your surroundings (Stealth+).
Your rubbery body absorbs attacks. (AC +1, EV +1)
((You are camouflaged when in or above water. (Stealth+)))
You have tentacles for arms and can constrict up to eight enemies at once.


Message History

A gnoll comes into view. It is wielding a +0 spear.
The gnoll hits you from afar with a +0 halberd!
Ouch! That really hurt!
* * * LOW HITPOINT WARNING * * *
The gnoll shouts!
You see here a scroll labelled ZAUDI XORCHAAFRIQ.
As you read the scroll of fear, it crumbles to dust.
You assume a fearsome visage.
The gnoll looks frightened! x3
The orc looks frightened!
d - a scroll labelled ZAUDI XORCHAAFRIQ The orc cries, "Help!"
The orc begs for mercy.
i - a scroll labelled ACEAWKOSATI
As you read the scroll of magic mapping, it crumbles to dust.
You feel aware of your surroundings.
You sensed 1 shop/portal.
Found a white potion.
c - a white potion An iguana comes into view.
An adder comes into view.
You start resting.
A gnoll is nearby!
Found Adodeud's Gadget Gallery.
Found a robe.
The adder hisses angrily.
You hit the adder. You grab the adder.
The adder is severely wounded.
You constrict the adder. The adder bites you.
You are poisoned.
The adder poisons you!
You hit the adder.
You kill the adder!
You feel sick.
You have reached level 2!
Found a dark potion.
You feel sick.
You feel sick.
You are no longer poisoned.
There is an entrance to Adodeud's Gadget Gallery here.
You see here a dark potion.
j - a dark potion Are you sure you want to abandon this character and quit the game? (Confirm with "yes".)

....##.####.#
#.#.##.#*<#.#
#.#.##.#*,#.#
..#.##.#*,#.##
###.##l.,,#..##
#.####**#...#
#.# ###.##
*.#*######..g###
*,*,.......∩..@#
*,*,######...#[#
*,*,*****##.##.#
*,*,,,,,,....#.#
*,******####...#
*,,,,,,,,,,,.###
*,**********##
***


You could see a gnoll.

Vanquished Creatures
  An adder (D:5)
1 creature vanquished.

Notes
Turn   | Place    | Note
-------+----------+-------------------------------------------
     0 | D:5      | Esekla the Octopode Delver began the quest for the Orb.
     0 | D:5      | Reached XP level 1. HP: 16/16 MP: 1/1
     2 | D:5      | Noticed a hound
    34 | D:5      | Noticed an iguana
    58 | D:5      | Found Adodeud's Gadget Gallery.
    63 | D:5      | Reached XP level 2. HP: 13/21 MP: 2/2
    72 | D:5      | Quit the game

Illustrated notes

Levels and vault maps discovered:
D:5:      layout_basic, nicolae_shop_gadgets

Action                     || total
---------------------------++-------
  Melee: Falchion          ||     2
         Constrict         ||     1
    Use: Scroll            ||     2

Table legend: (Time is in decaauts)
 A = Elapsed time spent in this place.
 B = Non-inter-level travel time spent in this place.
 C = Inter-level travel time spent in this place.
 D = Time resting spent in this place.
 E = Time spent auto-exploring this place.
 F = Levels seen in this place.
 G = Mean time per level.
                   A        B        C        D        E       F      G
               +--------+--------+--------+--------+--------+-----+--------+
         Total |     72 |     72 |      0 |     16 |      0 |   1 |   72.0 |
       Dungeon |     72 |     72 |      0 |     16 |      0 |   1 |   72.0 |
               +--------+--------+--------+--------+--------+-----+--------+

Top non-repeatable levels by time:
     D:5: 72 daAuts
